 Dungeon Crawl Stone Soup version 0.27.1 (webtiles) character file.

Game seed: 8322701442025411246

79 funkygono the Firebug (level 4, -4/24 HPs)
             Began as a Gargoyle Fire Elementalist on Aug 25, 2021.
             Slain by an orc (6 damage)
             ... on level 3 of the Dungeon.
             The game lasted 00:03:57 (1488 turns).

funkygono the Firebug (Gargoyle Fire Elementalist)  Turns: 1488, Time: 00:03:57

Health: -4/24      AC:  6    Str: 12    XL:     4   Next: 37%
Magic:  7/8        EV: 12    Int: 16    God:
Gold:   49         SH:  0    Dex: 10    Spells: 0/8 levels left

rFire    . . .     SeeInvis .   b - +0 flail (vorpal)
rCold    . . .     Faith    .   (no shield)
rNeg     + . .     Spirit   .   a - +1 robe
rPois    ∞         Reflect  .   (no helmet)
rElec    +         Harm     .   (no cloak)
rCorr    .         Rampage  .   (no gloves)
Will     .....                  (no boots)
Stlth    ++........             (no amulet)
HPRegen  0.08/turn              (no ring)
MPRegen  0.11/turn              (no ring)

@: no status effects
A: sickness immunity, AC +3, negative energy resistance 1, electricity
resistance, torment resistance 1, petrification resistance
a: no special abilities


You were on level 3 of the Dungeon.
You visited 1 branch of the dungeon, and saw 3 of its levels.

You collected 49 gold pieces.

Inventory:

Hand Weapons
 b - a +0 vorpal flail (weapon)
Missiles
 e - 47 stones
Armour
 a - a +1 robe (worn)
 d - a +0 leather armour
Scrolls
 g - a scroll of teleportation {unknown}
Potions
 c - a potion of ambrosia {unknown}
 f - a potion of lignification {unknown}


   Skills:
 + Level 0.1 Fighting
 + Level 0.8 Maces & Flails
 + Level 1.8 Dodging
 - Level 2.1 Stealth
 * Level 2.8 Spellcasting
 * Level 1.8 Conjurations
 * Level 3.8 Fire Magic


You couldn't memorise any spells.
You knew the following spells:

 Your Spells              Type           Power      Damage    Failure   Level
a - Foxfire               Conj/Fire      44%        2x1d6     6%          1
b - Conjure Flame         Conj/Fire      11%        6-21      19%         3
c - Sticky Flame          Conj/Fire      11%        2d3       52%         4

Your spell library contained the following spells:

 Spells                   Type           Power      Damage    Failure   Level
 Inner Flame              Hex/Fire       8%         N/A       26%         3
 Fireball                 Conj/Fire      5%         3d5       86%         5


Dungeon Overview and Level Annotations

Branches:
Dungeon (2/15)

Altars:


Innate Abilities, Weirdness & Mutations

You are immune to sickness and miasma.
Your stone body is resilient. (AC +3)
You are immune to poison.
You resist negative energy. (rN+)
You are resistant to electric shocks. (rElec)
You are resistant to unholy torment.
You are immune to petrification.


Message History

You miss the adder.
The adder is severely wounded.
The adder barely misses you.
A ball python comes into view.
The adder closely misses you.
You miss the adder.
The adder is severely wounded.
The adder barely misses you.
The ball python hisses angrily.
You hit the adder but do no damage.
The adder is severely wounded.
The adder barely misses you. The adder bites you but does no damage.
The ball python misses you. The ball python grabs you.
The ball python constricts you.
You closely miss the adder.
The adder is severely wounded.
The adder bites you. The ball python bites you. The ball python constricts you.
The adder bites you.
You barely miss the adder.
The adder is severely wounded.
The ball python bites you but does no damage.
The ball python constricts you. The adder bites you. The ball python bites you.
The ball python constricts you. The adder barely misses you.
You hit the ball python.
You kill the ball python!
The adder bites you.
* * * LOW HITPOINT WARNING * * *
The adder barely misses you.
You see here a +0 chain mail.
You miss the adder.
The adder is severely wounded.
The adder misses you.
You hit the adder.
You kill the adder!
The orc hits you with a +0 mace.
* * * LOW HITPOINT WARNING * * *
Casting: Foxfire (safe; 6% risk of failure)
Confirm with . or Enter, or press ? or * to list all spells.
You conjure some foxfire!
The orc hits you with a +0 mace.
You die...

###### ..... ...
#v####.##
#v@.....#
##o####.# #S# #o#
######.####..
#.....w.$S....
.....oo...........
##.##.####.#####..
#. #.#


You could see a dart slug, 2 orcs and a ball python.

Vanquished Creatures
  An iguana (D:2)
  An adder (D:3)
  A worm (D:2)
  A dart slug (D:1)
  3 endoplasms
  A giant cockroach (D:2)
  2 goblins
  3 hobgoblins
  2 jackals (D:2)
  3 quokkas (D:1)
  5 ball pythons
  5 bats
  3 frilled lizards (D:1)
  4 kobolds (D:1)
  4 rats
39 creatures vanquished.

Vanquished Creatures (collateral kills)
  A foxfire (D:2)
1 creature vanquished.

Vanquished Creatures (others)
  6 demonic plants (D:2)
  84 foxfires
  3 fungi (D:2)
  6 plants (D:2)
  2 withered plants (D:2)
101 creatures vanquished.

Grand Total: 141 creatures vanquished

Notes
Turn   | Place    | Note
-------+----------+-------------------------------------------
     0 | D:1      | funkygono the Gargoyle Fire Elementalist began the quest
                  | for the Orb.
     0 | D:1      | Reached XP level 1. HP: 10/10 MP: 3/3
   196 | D:1      | Reached XP level 2. HP: 15/15 MP: 3/5
  1000 | D:1      | Reached XP level 3. HP: 19/19 MP: 3/6
  1004 | D:1      | Learned a level 3 spell: Conjure Flame
  1292 | D:2      | Reached XP level 4. HP: 24/24 MP: 5/8
  1299 | D:2      | Learned a level 4 spell: Sticky Flame
  1415 | D:2      | Found a faded altar of an unknown god.
  1466 | D:2      | You fall into a shaft and drop 1 floor!
  1488 | D:3      | Slain by an orc

Illustrated notes

Levels and vault maps discovered:
D:1:      dpeg_arrival_simpleton_b, layout_loops_cross, st_stairs_12,
          minmay_misc_feat_rugged
D:2:      layout_rooms, basic_altar, shapermc_ecumenical_altar_gd
D:3:      layout_loops_ring, uniq_crazy_yiuf_cottage

Action                   |  1- 3 |  4- 6 || total
-------------------------+-------+-------++-------
Melee: Flail             |    27 |    15 ||    42
 Cast: Foxfire           |    41 |    13 ||    54
  Use: Scroll            |     2 |       ||     2
Armor: Robe              |    14 |     8 ||    22
Dodge: Dodged            |    18 |    20 ||    38
